 Dungeon Crawl Stone Soup version 0.28.0-53-g5a82cb258f (webtiles) character file.

Game seed: 9952541253797586638

60 Cykl0x the Digger (level 4, -2/24 HPs)
             Began as a Gargoyle Earth Elementalist on May 30, 2022.
             Slain by an ice beast (13 damage)
             ... on level 3 of the Dungeon.
             The game lasted 00:03:36 (2147 turns).

Cykl0x the Digger (Gargoyle Earth Elementalist)     Turns: 2147, Time: 00:03:36

Health: -2/24      AC:  6    Str: 11    XL:     4   Next: 6%
Magic:  0/8        EV: 12    Int: 18    God:
Gold:   124        SH:  0    Dex: 10    Spells: 4/8 levels left

rFire   . . .      SeeInvis .   n - +2 whip (vorpal)
rCold   . . .      Faith    .   (no shield)
rNeg    + . .      Spirit   .   b - +1 robe
rPois   ∞          Reflect  .   (no helmet)
rElec   +          Harm     .   (no cloak)
rCorr   .          Rampage  .   (no gloves)
Will    .....                   (no boots)
Stlth   ++........              (no amulet)
HPRegen 0.08/turn               (no ring)
MPRegen 0.11/turn               (no ring)

@: very slightly contaminated
A: sickness immunity, AC +3, negative energy resistance 1, electricity
resistance, torment resistance 1, petrification resistance
a: no special abilities


You were on level 3 of the Dungeon.
You visited 1 branch of the dungeon, and saw 3 of its levels.

You collected 124 gold pieces.

Inventory:

Hand Weapons
 h - a +0 club
 n - a +2 vorpal whip (weapon)
Missiles
 c - 48 stones
Armour
 b - a +1 robe (worn)
Scrolls
 d - a scroll of teleportation
Potions
 a - a potion of haste {unknown}
 e - a potion of berserk rage
 j - a potion of mutation {unknown}
 k - 2 potions of resistance {unknown}
 l - a potion of flight {unknown}


   Skills:
 + Level 1.9 Dodging
 - Level 2.1 Stealth
 + Level 2.8 Spellcasting
 * Level 1.2 Conjurations
 - Level 0.7 Transmutations
 + Level 4.4 Earth Magic


You had 4 spell levels left.
You knew the following spells:

 Your Spells              Type           Power      Damage    Failure   Level
a - Sandblast             Erth           36%        2d10      2%          1
b - Stone Arrow           Conj/Erth      24%        3d8       16%         3

Your spell library contained the following spells:

 Spells                   Type           Power      Damage    Failure   Level
 Passwall                 Tmut/Erth      9%         N/A       9%          2
 Summon Small Mammal      Summ           8%         N/A       17%         1
 Call Canine Familiar     Summ           2%         N/A       45%         3
 Summon Guardian Golem    Hex/Summ       2%         N/A       45%         3
 Petrify                  Tmut/Erth      11%        N/A       50%         4


Dungeon Overview and Level Annotations

Branches:
Dungeon (3/15)

Altars:


Innate Abilities, Weirdness & Mutations

You are immune to sickness and miasma.
Your stone body is resilient. (AC +3)
You are immune to poison.
You resist negative energy. (rN+)
You are resistant to electric shocks. (rElec)
You are resistant to unholy torment.
You are immune to petrification.


Message History

There is a stone staircase leading up here.
(D) Dungeon
Where to? (Enter - D:2, ? - help)
There is a stone staircase leading down here.
You climb downwards.
Found a brass ring.
There is a stone staircase leading up here.
There are monsters nearby!
Casting: Stone Arrow (quite dangerous; 16% risk of failure)
Confirm with . or Enter, or press ? or * to list all spells.
The spell is quite dangerous to miscast (16% risk of failure)!
Continue anyway?
Aiming: Stone Arrow (quite dangerous; 16% risk of failure)
Press: ? - help, Shift-Dir - straight line, f - ice beast
Aim: an ice beast (asleep, 100% to hit)
You miscast Stone Arrow.
You are very lightly contaminated with residual magic.
Nothing appears to happen.
Unknown command.
Casting: Stone Arrow (quite dangerous; 16% risk of failure)
Confirm with . or Enter, or press ? or * to list all spells.
The spell is quite dangerous to miscast (16% risk of failure)!
Continue anyway?
Aiming: Stone Arrow (quite dangerous; 16% risk of failure)
Press: ? - help, Shift-Dir - straight line, f/p - ice beast
Aim: an ice beast (asleep, 100% to hit)
The stone arrow hits the ice beast.
The ice beast is moderately wounded.
Unknown command.
You miscast Sandblast.
Nothing appears to happen.
The giant cockroach misses you. The ice beast hits you.
The ice beast freezes you!
The blast of sand hits the ice beast!
The ice beast is heavily wounded.
The giant cockroach barely misses you. The ice beast closely misses you.
You are too depleted to draw on your mana recklessly!
You completely miss the ice beast.
The ice beast is heavily wounded.
The giant cockroach barely misses you. The ice beast hits you.
The ice beast freezes you!
Ouch! That really hurt!
You die...

# #####
.#.##...#
........## ##
...#...Y.#...##
......B@......#
.#.............
...#...........
# #...........
##.........#
##...#...##
#########


You could see an ice beast and a giant cockroach.

Vanquished Creatures
  2 adders (D:2)
  2 dart slugs
  An orc (D:2)
  5 endoplasms
  A giant cockroach (D:1)
  5 goblins
  3 hobgoblins
  3 quokkas
  A ball python (D:2)
  2 bats (D:2)
  3 frilled lizards
  4 kobolds (D:1)
  3 rats (D:2)
35 creatures vanquished.

Notes
Turn   | Place    | Note
-------+----------+-------------------------------------------
     0 | D:1      | Cykl0x the Gargoyle Earth Elementalist began the quest for
                  | the Orb.
     0 | D:1      | Reached XP level 1. HP: 10/10 MP: 3/3
   308 | D:1      | Reached XP level 2. HP: 15/15 MP: 0/5
   504 | D:1      | Reached skill level 4 in Earth Magic
   553 | D:1      | You fall into a shaft and drop 1 floor!
   553 | D:2      | Found a faded altar of an unknown god.
   582 | D:2      | Reached skill level 1 in Conjurations
   862 | D:2      | Reached XP level 3. HP: 19/19 MP: 4/6
   866 | D:2      | Learned a level 3 spell: Stone Arrow
  1660 | D:2      | Reached XP level 4. HP: 24/24 MP: 4/8
  2142 | D:3      | Noticed an ice beast
  2147 | D:3      | Slain by an ice beast

Illustrated notes

Levels and vault maps discovered:
D:1:      nagdon_arrival_double_spiral, layout_rooms, hex_intersection,
          columned_hall_lemuel
D:2:      layout_rooms, hellmonk_ecumenical_altar_arch_garden,
          kennysheep_generic_room_12
D:3:      layout_rooms, lemuel_tele_altar, uniq_terence

Skill      XL: |  1  2 |
---------------+-------+-----
Earth Magic    | 4 |  4.4
Conjurations   | 1 |  1.2
Dodging        | |  1.9
Stealth        | |  2.1
Spellcasting   | |  2.8
Transmutations | |  0.7

Action                   |  1- 3 |  4- 6 || total
-------------------------+-------+-------++-------
Melee: Unarmed           |    11 |       ||    11
       Punch             |     1 |       ||     1
       Club              |    11 |       ||    11
       Whip              |       |     3 ||     3
 Cast: Sandblast         |    35 |     2 ||    37
       Stone Arrow       |     8 |     3 ||    11
  Use: Scroll            |       |     6 ||     6
Armor: Robe              |     8 |       ||     8
Dodge: Dodged            |    27 |     5 ||    32
